Map: Catalyst LE

Players

Kelazhur - Winner!

  • Race: Terran Terran
  • Spawn Location: 5:00

Lambo

  • Race: Zerg Zerg
  • Spawn Location: 11:00

Event: WESG 2017 Haikou

VOD

Have the link to the VOD?

Description

Time

  • Played on: March 14, 2018, 6:33 a.m.
  • Length: 5:17

All games in this series

Show
View Real Time Build Order
Export as new Build Order

Kelazhur Terran - Winner!

Build Orders: Cyclone Opening, Gas First Reaper Expand, Reaper Expand 

Get SALT Encoding   

  12  0:00  SCV  
  13  0:12  SCV  
  14  0:17  Supply Depot  
  14  0:25  SCV  
  14  0:27  Refinery  
  15  0:38  SCV  
  16  0:44  Barracks  
  16  0:50  SCV  
  17  1:03  SCV  
  18  1:15  SCV  
  19  1:31  Orbital Command, Reaper  
  20  1:43  Command Center  
  20  1:48  Refinery  
  20  1:56  SCV  
  21  2:04  Factory  
  21  2:07  Barracks Reactor  
  21  2:11  SCV  
  22  2:20  Supply Depot  
  22  2:23  SCV  
  23  2:41  SCV  
  24  2:53  SCV, Cyclone x2  
  24  2:56  Marine  
  32  2:59  Orbital Command  
  32  3:12  Armory  
  32  3:17  SCV  
  32  3:19  Marine  
  34  3:25  Hellion  
  34  3:26  Hellion  
  38  3:28  SCV  
  38  3:35  SCV  
  39  3:42  SCV  
  39  3:43  Supply Depot  
  39  3:47  Hellion x2  
  44  3:49  SCV  
  44  3:50  Marine  
  46  4:05  SCV x2  
  46  4:09  Hellion x2  
  52  4:17  SCV  
  52  4:20  SCV  
  49  4:30  Hellion x2  
  51  4:34  Barracks Tech Lab  
  51  4:35  SCV x2  
  53  4:47  SCV x2  
  54  4:55  Command Center  
  54  5:00  Supply Depot  
Show
View Real Time Build Order
Export as new Build Order

Lambo Zerg 

Build Orders: Hatch First 

Get SALT Encoding   

  12  0:01  Drone  
  13  0:12  Overlord  
  13  0:17  Drone  
  14  0:30  Drone  
  14  0:31  Drone  
  16  0:49  Hatchery  
  15  0:52  Drone  
  15  0:55  Drone  
  17  0:59  Drone  
  18  1:09  Extractor  
  17  1:14  Spawning Pool  
  17  1:17  Drone  
  17  1:20  Drone  
  18  1:28  Drone  
  19  1:39  Drone  
  20  1:50  Overlord  
  20  2:00  Queen  
  20  2:01  Zergling x2, Queen  
  24  2:02  Zergling x2  
  26  2:09  Metabolic Boost  
  26  2:13  Drone x2  
  28  2:22  Overlord  
  28  2:24  Drone  
  29  2:34  Drone  
  29  2:36  Queen  
  32  2:40  Queen  
  34  2:45  Drone  
  35  2:52  Overlord  
  35  2:53  Drone  
  35  2:56  Drone x2  
  38  3:05  Drone x2  
  39  3:13  Hatchery  
  39  3:15  Drone  
  39  3:18  Drone  
  39  3:19  Drone  
  41  3:24  Drone  
  41  3:25  Drone  
  43  3:27  Overlord  
  43  3:29  Drone  
  44  3:35  Overlord  
  44  3:40  Roach Warren  
  43  3:47  Drone x2  
  43  3:48  Drone  
  46  3:50  Drone x2  
  46  3:53  Drone x2, Extractor  
  46  3:55  Extractor  
  48  3:56  Drone  
  48  3:58  Zergling x4  
  48  4:00  Zergling x2  
  52  4:09  Zergling x4  
  52  4:17  Zergling x2  
  52  4:22  Zergling x4  
  52  4:23  Zergling x10  
  56  4:28  Zergling x2  
  56  4:30  Queen, Zergling x2  
  56  4:31  Queen  
  56  4:35  Roach  
  57  4:38  Roach  
  57  4:47  Roach  
  57  4:51  Roach  
  56  4:55  Roach x2  
Tags
 
Add a new tag
Caveats
  • Supply blocks, unpowered buildings, or Contaminate may cause inaccurate times.
  • Supply counts are checked every 10 seconds.